 Dungeon Crawl Stone Soup version 0.24.0-41-g2ae2f7f1be (console) character file.

Game seed: 3116099320429886904, levelgen mode: deterministic

592 Kagalorn the Magician (level 7, -5/51 HPs)
             Began as a Gnoll Wizard on Dec 14, 2019.
             Was a Follower of Ashenzari.
             Slain by Pikel
             ... wielding a +1 whip of electrocution
              (14 damage)
             ... on level 5 of the Dungeon.
             The game lasted 00:13:03 (3834 turns).

Kagalorn the Magician (Gnoll Wizard)                Turns: 3834, Time: 00:13:04

Health: -5/51      AC:  5    Str:  9    XL:     7   Next: 39%
Magic:  13/18      EV: 15    Int: 22    God:    Ashenzari [*.....]
Gold:   213        SH:  0    Dex: 17    Spells: 12/21 levels left

rFire    + . .     SeeInvis .   a - +0 quarterstaff (curse)
rCold    . . .     Gourm    .   (shield currently unavailable)
rNeg     . . .     Faith    .   f - +0 robe
rPois    .         Spirit   .   t - +1 helmet of the Lost Path {Dex+3} (curse)
rElec    .         Reflect  .   k - +0 cloak
rCorr    .         Harm     .   (no gloves)
MR       .....                  (no boots)
Stlth    +++.......             (no amulet)
HPRegen  0.17/turn              p - ring of protection from fire
MPRegen  0.16/turn              (no ring)

@: no status effects
A: distributed training, fangs 1, strong nose
a: Curse Item, Scrying, Renounce Religion


You were on level 5 of the Dungeon.
You worshipped Ashenzari.
Ashenzari was aware of your devotion.
You were not hungry.

You visited 2 branches of the dungeon, and saw 6 of its levels.

You collected 213 gold pieces.

Inventory:

Hand Weapons
 a - a cursed +0 quarterstaff (weapon)
Missiles
 c - 176 stones
 e - 42 sling bullets
 o - 34 arrows
 v - 11 poisoned darts (quivered)
 y - 8 javelins
Armour
 f - a +0 robe (worn)
 k - a +0 cloak (worn)
 t - the cursed +1 helmet of the Lost Path (worn) {Dex+3}
   (You took it off Robin on level 2 of the Dungeon)

   It affects your dexterity (+3).
   It has a curse placed upon it.
 u - a +0 buckler
Jewellery
 p - a ring of protection from fire (left hand)
Scrolls
 g - 3 scrolls of teleportation {unknown}
 h - a scroll of noise {unknown}
 i - a scroll of fog {unknown}
 m - a scroll of immolation {unknown}
 w - a scroll of identify {unknown}
 x - 2 scrolls of amnesia {unknown}
Potions
 j - a potion of curing {unknown}
 l - a potion of flight {unknown}
 n - a potion of heal wounds {unknown}
 q - 2 potions of agility {unknown}
 r - a potion of resistance {unknown}
 s - a potion of mutation {unknown}
 z - a potion of haste {unknown}
Comestibles
 d - 12 rations


   Skills:
 + Level 2.4 Fighting
 + Level 2.4 Short Blades
 + Level 2.4 Long Blades
 + Level 2.4 Axes
 + Level 2.4 Maces & Flails
 + Level 2.4 Polearms
 + Level 2.4 Staves
 + Level 2.4 Slings
 + Level 2.4 Bows
 + Level 2.4 Crossbows
 + Level 2.4 Throwing
 + Level 2.4 Armour
 + Level 5.2 Dodging
 + Level 4.8 Stealth
 + Level 2.4 Shields
 + Level 2.4 Unarmed Combat
 + Level 7.6 Spellcasting
 + Level 2.9 Conjurations
 + Level 2.0 Hexes
 + Level 2.0 Charms
 + Level 2.9 Summonings
 + Level 2.0 Necromancy
 + Level 2.9 Translocations
 + Level 2.0 Transmutations
 + Level 2.0 Fire Magic
 + Level 2.0 Ice Magic
 + Level 2.0 Air Magic
 + Level 2.0 Earth Magic
 + Level 2.0 Poison Magic
 + Level 2.6 Invocations
 + Level 2.4 Evocations


You had 12 spell levels left.
You knew the following spells:

 Your Spells              Type           Power        Failure   Level  Hunger
a - Magic Dart            Conj           ###.         2%          1    None
c - Conjure Flame         Conj/Fire      ###.....     9%          3    None
e - Mephitic Cloud        Conj/Pois/Air  ###.....     9%          3    None
g - Blink                 Tloc           N/A          3%          2    None

Your spell library contained the following spells:

 Spells                   Type           Power        Failure   Level  Hunger
 Freeze                   Ice            ###.         3%          1    None
 Call Imp                 Summ           ###.....     3%          2    None
 Searing Ray              Conj           ###...       3%          2    None
 Throw Frost              Conj/Ice       ###...       4%          2    None
 Slow                     Hex            ###.....     5%          2    None
 Dazzling Spray           Conj/Hex       ###...       9%          3    None
 Ozocubu's Armour         Chrm/Ice       ###.....     11%         3    None
 Force Lance              Conj/Tloc      ###.....     22%         4    ###....
 Iskenderun's Mystic Bla  Conj           ###.....     22%         4    ###....
 Fulminant Prism          Conj/Hex       ###.......   28%         4    ###....
 Summon Ice Beast         Ice/Summ       ###.....     28%         4    ###....
 Throw Icicle             Conj/Ice       ###.....     28%         4    ###....


Dungeon Overview and Level Annotations

Branches:
Dungeon (5/15)             Temple (1/1) D:4

Altars:
Ashenzari
Cheibriados
Elyvilon
Gozag
Hepliaklqana
Kikubaaqudgha
Makhleb
Nemelex Xobeh
Okawaru
Qazlal
Ru
Trog
Uskayaw
Vehumet
Xom
Yredelemnul
Zin

Annotations:
D:5 Menkaure, Pikel


Innate Abilities, Weirdness & Mutations

Your experience applies equally to all skills.
You have very sharp teeth.
Your uncanny sense of smell can sniff out nearby items.


Message History

Pikel hits you with a +1 whip of electrocution.
The slave closely misses you.
Pikel laughs at nothing.
Pikel hits you with a +1 whip of electrocution.
You are electrocuted!!
You hit Pikel but do no damage.
Pikel is severely wounded.
Pikel seems less confused.
The slave misses you. Pikel completely misses you.
The slave closely misses Pikel.
You hit Pikel but do no damage.
Pikel is severely wounded.
The slave hits you but does no damage.
Pikel hits you with a +1 whip of electrocution.
You are electrocuted!
* * * LOW HITPOINT WARNING * * *
The slave barely misses you.
Pikel hits you with a +1 whip of electrocution.
* * * LOW HITPOINT WARNING * * *
You are electrocuted!
You die...

.# #......# .# #
#####....######## .##
.##.##..##....##.....#
...
.....................#
...
...p...p.............#
.##
##.##..####..##.....#
#..# ##'###....##
......#pp.##....##
.!......OK@..+..รท..#
#..####..##..##.....#
######..
#..##..##....##
<...#..
#....+..#######
....'... #!...#...
....#... #( #...# โˆ†
....# . #..##โˆ† โˆ†
....# #..# ?##.#


You could see Pikel, an ogre and 2 slaves.

Vanquished Creatures
  A slave (D:5)
  An ogre (D:4)
  2 scorpions
  A howler monkey (D:4)
  A jelly (D:5)
  2 orc priests (D:4)
  A centaur skeleton (D:4)
  An iguana (D:4)
  2 orc wizards (D:5)
  A worker ant (D:4)
  A hound skeleton (D:4)
  A worker ant zombie (D:5)
  Robin (D:2)
  A gnoll (D:1)
  An adder (D:2)
  2 worms
  4 leopard geckos
  4 orcs
  2 ball pythons
  3 giant cockroaches
  13 goblins
  11 hobgoblins
  3 jackals (D:4)
  6 kobolds
  2 quokkas
  8 bats
  6 frilled lizards
  9 rats
91 creatures vanquished.

Notes
Turn   | Place    | Note
-------+----------+-------------------------------------------
     0 | D:1      | Kagalorn the Gnoll Wizard began the quest for the Orb.
     0 | D:1      | Reached XP level 1. HP: 13/13 MP: 8/8
    70 | D:1      | Reached XP level 2. HP: 14/19 MP: 0/10
   241 | D:1      | Found a shattered altar of Ashenzari.
   256 | D:1      | Became a worshipper of Ashenzari the Shackled
   397 | D:1      | Reached XP level 3. HP: 25/25 MP: 6/11
   401 | D:1      | Learned a level 2 spell: Blink
   405 | D:1      | Learned a level 3 spell: Conjure Flame
   409 | D:1      | Learned a level 3 spell: Mephitic Cloud
  1046 | D:2      | Reached skill level 1 in Invocations
  1119 | D:2      | Identified the +1 helmet of the Lost Path {Dex+3}
  1119 | D:2      | Noticed Robin
  1250 | D:2      | Killed Robin
  1250 | D:2      | Reached skill level 1 in Fighting
  1250 | D:2      | Reached skill level 1 in Short Blades
  1250 | D:2      | Reached skill level 1 in Long Blades
  1250 | D:2      | Reached skill level 1 in Axes
  1250 | D:2      | Reached skill level 1 in Maces & Flails
  1250 | D:2      | Reached skill level 1 in Polearms
  1250 | D:2      | Reached skill level 1 in Staves
  1250 | D:2      | Reached skill level 1 in Slings
  1250 | D:2      | Reached skill level 1 in Bows
  1250 | D:2      | Reached skill level 1 in Crossbows
  1250 | D:2      | Reached skill level 1 in Throwing
  1250 | D:2      | Reached skill level 1 in Armour
  1250 | D:2      | Reached skill level 1 in Shields
  1250 | D:2      | Reached skill level 1 in Unarmed Combat
  1250 | D:2      | Reached skill level 1 in Evocations
  1250 | D:2      | Reached XP level 4. HP: 32/32 MP: 1/13
  1720 | D:3      | Reached skill level 1 in Hexes
  1720 | D:3      | Reached skill level 1 in Charms
  1720 | D:3      | Reached skill level 1 in Necromancy
  1720 | D:3      | Reached skill level 1 in Transmutations
  1720 | D:3      | Reached skill level 1 in Fire Magic
  1720 | D:3      | Reached skill level 1 in Ice Magic
  1720 | D:3      | Reached skill level 1 in Air Magic
  1720 | D:3      | Reached skill level 1 in Earth Magic
  1720 | D:3      | Reached skill level 1 in Poison Magic
  2001 | D:3      | Reached XP level 5. HP: 37/37 MP: 11/14
  2245 | D:4      | Reached XP level 6. HP: 37/44 MP: 5/16
  2747 | D:4      | Reached skill level 5 in Dodging
  2906 | D:4      | Reached XP level 7. HP: 50/50 MP: 9/18
  2957 | D:4      | Found a staircase to the Ecumenical Temple.
  2971 | Temple   | Entered the Ecumenical Temple
  3209 | D:4      | Reached * piety under Ashenzari
  3389 | D:5      | Entered Level 5 of the Dungeon
  3465 | D:5      | Noticed Pikel
  3637 | D:5      | Noticed Menkaure
  3834 | D:5      | Slain by Pikel

Levels and vault maps discovered:
D:1:      dpeg_arrival_signposts, layout_basic, ashenzari_altar_1
D:2:      layout_basic, wander_ebering_terrifying_dragon_lair, uniq_robin
D:3:      layout_rooms, kennysheep_generic_room_16
D:4:      lemuel_upstairs_altar, layout_loops_corners, temple_green,
          first_ration
D:5:      layout_gridville, mrwooster_statue_mirror, water_boxes_lemuel,
          uniq_menkaure, uniq_pikel
Temple:   eino_temple_scatter_basement

Skill      XL: |  1  2  3  4  5  6  7 |
---------------+----------------------+-----
Conjurations   | 2 |  2.9
Summonings     | 2 |  2.9
Translocations | 2 |  2.9
Invocations    | 1 2 |  2.6
Fighting       | 1 2 |  2.4
Short Blades   | 1 2 |  2.4
Long Blades    | 1 2 |  2.4
Axes           | 1 2 |  2.4
Maces & Flails | 1 2 |  2.4
Polearms       | 1 2 |  2.4
Staves         | 1 2 |  2.4
Slings         | 1 2 |  2.4
Bows           | 1 2 |  2.4
Crossbows      | 1 2 |  2.4
Throwing       | 1 2 |  2.4
Armour         | 1 2 |  2.4
Shields        | 1 2 |  2.4
Unarmed Combat | 1 2 |  2.4
Evocations     | 1 2 |  2.4
Hexes          | 1 2 |  2.0
Charms         | 1 2 |  2.0
Necromancy     | 1 2 |  2.0
Transmutations | 1 2 |  2.0
Fire Magic     | 1 2 |  2.0
Ice Magic      | 1 2 |  2.0
Air Magic      | 1 2 |  2.0
Earth Magic    | 1 2 |  2.0
Poison Magic   | 1 2 |  2.0
Dodging        | 5 |  5.2
Stealth        | |  4.8
Spellcasting   | |  7.6

Action                   |  1- 3 |  4- 6 |  7- 9 || total
-------------------------+-------+-------+-------++-------
Melee: Dagger            |     5 |       |       ||     5
       Short sword       |     7 |     9 |       ||    16
       Trident           |       |       |     6 ||     6
       Quarterstaff      |       |       |     6 ||     6
       Bite              |       |       |     2 ||     2
Throw: Dart              |       |    10 |     3 ||    13
 Cast: Magic Dart        |    67 |   131 |    27 ||   225
       Mephitic Cloud    |     1 |     1 |     1 ||     3
       Conjure Flame     |       |     2 |       ||     2
Invok: Curse Item        |       |     1 |       ||     1
 Stab: Confused          |     2 |       |     1 ||     3
       Sleeping          |       |       |     1 ||     1
  Eat: Chunk             |     1 |     5 |     3 ||     9
Armor: Robe              |     1 |     6 |     3 ||    10
Dodge: Dodged            |     5 |    28 |    21 ||    54
